 Dungeon Crawl Stone Soup version 0.29.0-10-g45618ea6d2 (webtiles) character file.

Game seed: 11683485960269362325

936 iguanaiguana the Chopper (level 7, 0/62 HPs)
             Began as a Minotaur Fighter on Sept 2, 2022.
             Was an Initiate of Nemelex Xobeh.
             Killed by nerve-wracking pain
             ... invoked by Grinder
              (6 damage)
             ... on level 6 of the Dungeon.
             The game lasted 00:05:38 (5110 turns).

iguanaiguana the Chopper (Minotaur Fighter)         Turns: 5110, Time: 00:05:38

Health: 0/62       AC: 14    Str: 21 (23) XL:     7   Next: 87%
Magic:  7/7        EV:  6    Int:  4 (5)  God:    Nemelex Xobeh [......]
Gold:   391        SH:  0    Dex:  8 (9)  Spells: 6/6 levels left

rFire   . . .      SeeInvis .   a - +0 war axe
rCold   . . .      Faith    .   c - +0 buckler
rNeg    . . .      Spirit   .   n - +0 plate armour
rPois   .          Reflect  .   (helmet restricted)
rElec   .          Harm     .   w - +1 cloak
rCorr   .          Rampage  .   (no gloves)
Will    .....                   (no boots)
Stlth   ..........              (no amulet)
HPRegen 0.20/turn               (no ring)
MPRegen 0.10/turn               (no ring)

@: confused, ambrosia-drunk
A: horns 2, retaliatory headbutt
a: Renounce Religion, Draw Escape, Draw Destruction, Draw Summoning


You were on level 6 of the Dungeon.
You worshipped Nemelex Xobeh.
Nemelex Xobeh was noncommittal.
You visited 2 branches of the dungeon, and saw 7 of its levels.

You collected 391 gold pieces.

Inventory:

Hand Weapons
 a - a +0 war axe (weapon)
 b - a +1 hand axe of flaming
Missiles
 J - 6 poisoned darts (quivered)
Armour
 c - a +0 buckler (worn)
 n - a +0 plate armour (worn)
 w - a +1 cloak (worn)
 B - a +0 scale mail
 I - a scarf of invisibility
Jewellery
 E - a ring of fire
 H - an amulet of guardian spirit
Wands
 A - a wand of paralysis (4)
 D - a wand of acid (11) {@v1}
 K - a wand of iceblast (4) {@v2}
Scrolls
 g - 2 scrolls of teleportation {@r3}
 m - 3 scrolls of enchant weapon
 q - a scroll of poison
 s - a scroll of enchant armour
 t - 2 scrolls of fear {unknown}
 u - a scroll of immolation
 x - a scroll of blinking {unknown}
 y - a scroll of amnesia {unknown}
 z - a scroll of magic mapping {@r5}
 F - a scroll of fog {unknown}
Potions
 d - 6 potions of might {@q3}
 e - 2 potions of haste {@q4}
 h - a potion of lignification
 k - a potion of heal wounds {@q2}
 o - a potion of curing {unknown}
 p - 2 potions of brilliance
 r - a potion of attraction {unknown}
 v - a potion of flight
 G - a potion of magic {unknown}


   Skills:
 + Level 5.8 Fighting
 * Level 6.9 Axes
 + Level 5.8 Armour
 + Level 6.0 Shields
 + Level 1.5 Invocations
 + Level 1.4 Evocations


You had 6 spell levels left.
You didn't know any spells.
Your spell library contained the following spells:

 Spells                   Type           Power      Damage    Failure   Level
 Gell's Gravitas          Tloc           0%         N/A       100%        3
 Lesser Beckoning         Tloc           0%         N/A       100%        3
 Teleport Other           Tloc           0%         N/A       100%        3
 Summon Ice Beast         Ice/Summ       0%         N/A       100%        4
 Summon Mana Viper        Hex/Summ       0%         N/A       100%        5
 Monstrous Menagerie      Summ           0%         N/A       100%        7
 Borgnjor's Revivificati  Necr           0%         N/A       100%        8
 Necromutation            Tmut/Necr      0%         N/A       100%        8
 Death's Door             Necr           0%         N/A       100%        9


Dungeon Overview and Level Annotations

Branches:
Dungeon (6/15) Zot: 26479  Temple (1/1) D:4 Zot: 5767

Altars:
Ashenzari
Dithmenos
Fedhas
Hepliaklqana
Kikubaaqudgha
Makhleb
Nemelex Xobeh
Okawaru
Qazlal
Ru
Sif Muna
Trog
Vehumet
Wu Jian
Xom
Yredelemnul
Zin
The Shining One

Annotations:
D:6 Grinder


Innate Abilities, Weirdness & Mutations

You have a pair of horns on your head.
You reflexively headbutt those who attack you in melee.


Message History

* * * LOW HITPOINT WARNING * * *
You bump into the rock wall.
You are engulfed in a cloud of scalding steam.
Grinder gestures at you.
You suddenly lose the ability to move!
You are engulfed in a cloud of scalding steam.
* * * LOW HITPOINT WARNING * * *
Grinder blinks!
You are engulfed in a cloud of scalding steam.
The orc hits you from afar with a +1 trident of freezing.
* * * LOW HITPOINT WARNING * * *
The orc freezes you.
* * * LOW HITPOINT WARNING * * *
Grinder gestures at you. Pain shoots through your body!
* * * LOW HITPOINT WARNING * * *
You are engulfed in a cloud of scalding steam.
* * * LOW HITPOINT WARNING * * *
The steam dragon breathes steam at you. The ball of steam hits you.
* * * LOW HITPOINT WARNING * * *
The orc hits you with a +0 club.
* * * LOW HITPOINT WARNING * * *
Grinder gestures at you. You resist with significant effort.
You can move again.
Unknown command.
Unknown command.
Unknown command.
You barely miss the orc wizard. You hit the steam dragon. You hit the orc.
You kill the orc!
You slash Grinder!
The orc hits you from afar with a +1 trident of freezing!
* * * LOW HITPOINT WARNING * * *
The orc freezes you.
* * * LOW HITPOINT WARNING * * *
The orc wizard casts a spell at you. Grinder gestures at you.
Pain shoots through your body!
You die...
Your body disappears without a glow.

#.# #......##♣♣ **
#.# #.|....# #.#
######## ######'##
#.......# #.......##
******#.....o)W#
*,,,,,.......Do#
**,***##.....)@# *,*
#......5# *,*
#.......# *,*
#.......# ********
*,* #########
*,,,,,,* *,*
**********,,,,,,*
*,*
*,,,,,,,,,,,,,,,*
*,*
*,,,,,,,,,,,,,,,***
*,*
*,,,,,,,,,,,,,,,,,**


You could see Grinder, a steam dragon (catching breath), a phantom, an orc
wizard and an orc.

Vanquished Creatures
  A sky beast (D:6)
  A phantom (D:5)
  A scorpion (D:5)
  A necrophage (D:4)
  A howler monkey (D:6)
  4 hounds
  An orc priest (D:3)
  A gnoll bouda (D:6)
  Ijyb (D:5)
  3 iguanas
  An orc wizard (D:4)
  9 gnolls
  9 adders
  A shadow imp (D:5)
  A white imp (D:6)
  3 ufetubi (D:5)
  4 dart slugs
  17 orcs
  6 endoplasms
  2 giant cockroaches
  9 goblins
  5 hobgoblins
  2 quokkas
  5 ball pythons
  4 bats
  4 frilled lizards
  8 kobolds
  4 rats
109 creatures vanquished.

Vanquished Creatures (collateral kills)
  An orc (D:6)
1 creature vanquished.

Vanquished Creatures (others)
  9 plants (D:3)
9 creatures vanquished.

Grand Total: 119 creatures vanquished

Notes
Turn   | Place    | Note
-------+----------+-------------------------------------------
     0 | D:1      | iguanaiguana the Minotaur Fighter began the quest for the
                  | Orb.
     0 | D:1      | Reached XP level 1. HP: 19/19 MP: 0/0
   130 | D:1      | Reached XP level 2. HP: 27/27 MP: 1/1
   856 | D:1      | Found a faded altar of an unknown god.
  1072 | D:2      | Reached XP level 3. HP: 33/33 MP: 2/2
  1289 | D:2      | Identified the +1 leather armour of a ziggurat {*Slow MP+9
                  | Str+4 Dex+3}
  1718 | D:2      | Reached XP level 4. HP: 37/40 MP: 3/3
  1974 | D:3      | Reached XP level 5. HP: 41/47 MP: 4/4
  3206 | D:4      | Found a staircase to the Ecumenical Temple.
  3218 | Temple   | Entered the Ecumenical Temple
  3503 | D:4      | Reached skill level 5 in Axes
  3510 | D:4      | You fall into a shaft and drop 1 floor!
  3510 | D:5      | Entered Level 5 of the Dungeon
  3539 | D:5      | Reached skill level 5 in Shields
  3539 | D:5      | Reached XP level 6. HP: 35/55 MP: 5/5
  3718 | D:5      | Reached skill level 5 in Fighting
  3719 | D:5      | Reached skill level 5 in Armour
  3873 | D:4      | Found a broken altar of Ashenzari.
  4040 | D:4      | Found a sparkling altar of Nemelex Xobeh.
  4073 | D:4      | Became a worshipper of Nemelex Xobeh the Trickster
  4226 | D:5      | Identified the +6 falchion of Vodka {vamp, Dex+4}
  4237 | D:5      | Reached XP level 7. HP: 61/61 MP: 6/6
  4287 | D:5      | Found an iron altar of Okawaru.
  4366 | D:5      | Found a shimmering altar of Xom.
  4437 | D:5      | Noticed Ijyb
  4448 | D:5      | Killed Ijyb
  4674 | D:6      | Found a radiant altar of Vehumet.
  4722 | D:6      | Reached skill level 1 in Invocations
  4730 | D:6      | Reached skill level 1 in Evocations
  4748 | D:6      | HP: 3/61 [sky beast (6)]
  5063 | D:6      | Noticed a steam dragon
  5063 | D:6      | Noticed Grinder
  5066 | D:6      | Paralysed by Grinder for 2 turns
  5100 | D:6      | Paralysed by Grinder for 3 turns
  5105 | D:6      | Paralysed by Grinder for 5 turns
  5110 | D:6      | Killed from afar by Grinder

Illustrated notes

Levels and vault maps discovered:
D:1:      heliophobic_arrival_glass_houses, layout_basic,
          shapermc_ecumenical_altar_hornbeckon, st_stairs_2,
          dreamdust_princess_bridge, minmay_tetromino_i4
D:2:      kennysheep_six_static_rooms, layout_loops_ring
D:3:      layout_loops_ring, minmay_misc_feat_diagonals, chequers_big_river,
          minmay_puff
D:4:      layout_basic, amcnicky_altar_gilded, nemelex_spade_bored_becter,
          minmay_temple_entry_drinking_statues
D:5:      layout_rooms, lemuel_round_altar, okawaru_trees_2, uniq_ijyb
D:6:      layout_basic, kennysheep_mini_moat, elyvilon_altar_3, serial_shops,
          nicolae_shop_waterfront, kennysheep_generic_room_4, uniq_grinder,
          uniq_menkaure
Temple:   nicolae_temple_figure_eight

Skill      XL: |  1  2  3  4  5  6  7 |
---------------+----------------------+-----
Axes           | 3 4 5 6 |  6.9
Armour         | 4 5 |  5.8
Shields        | 4 5 6 |  6.0
Fighting       | 4 5 |  5.8
Invocations    | 1 |  1.5
Evocations     | 1 |  1.4

Action                   |  1- 3 |  4- 6 |  7- 9 || total
-------------------------+-------+-------+-------++-------
Melee: War axe           |    75 |   125 |   111 ||   311
       Headbutt          |    14 |    15 |    15 ||    44
  Use: Scroll            |       |       |     9 ||     9
       Potion            |       |       |     7 ||     7
Armor: Scale mail        |    20 |       |       ||    20
       Plate armour      |    32 |    91 |   126 ||   249
       Skin              |       |       |     6 ||     6
Dodge: Dodged            |    30 |    41 |    45 ||   116
Block: Buckler           |    15 |    22 |    33 ||    70
